AA NE
BOWIE BAYSOX @ SOMERSET PATRIOTS
04/21/2042
 
TOP OF THE 1ST
Bowie Baysox batting - Pitching for Somerset Patriots : LHP Dave Crowder
Pitching: LHP Dave Crowder
Batting: RHB Doug Brown 0-0: SINGLE (Groundball, 56, EV 83.8 MPH)
Pitching: LHP Jim Unknown
Batting: RHB Luis Antonio Baca 0-0: Ball
1-0: Ball
2-0: Ball
3-0: Called Strike
3-1: Base on Balls
Doug Brown to second
Batting: LHB Ethan Wigton 0-0: Called Strike
0-1: Ball
1-1: Called Strike
1-2: Ball
2-2: Ball
3-2: Foul Ball, location: 3F
3-2: SINGLE (Groundball, 4M, EV 104.4 MPH)
Doug Brown to third
Luis Antonio Baca to second
Batting: RHB Terrence Steele 0-0: Ball
1-0: Foul Ball, location: 5FF
1-1: DOUBLE (Flyball, 8RXD, EV 112.5 MPH)
Doug Brown scores
Luis Antonio Baca scores
Ethan Wigton to third
Batting: RHB Raúl Quintero 0-0: Called Strike
0-1: Ball
1-1: Ball
2-1: Ground out 5-3 (Groundball, 56S, EV 83.8 MPH)
Ethan Wigton scores
Batting: RHB Arturo Reynoso 0-0: Ball
1-0: Called Strike
1-1: Ball
2-1: 2-RUN HOME RUN (Line Drive, 7D, EV 99.4 MPH), Distance : 386 ft
Pitching: RHP Pancho Díaz
Batting: RHB Brad Johnson 0-0: Called Strike
0-1: Ball
1-1: Swinging Strike
1-2: Ball
2-2: Ball
3-2: Foul Ball, location: 9LDF
3-2: Foul Ball, location: 9LMF
3-2: Base on Balls
Batting: RHB Julius Green 0-0: Ball
1-0: DOUBLE (Line Drive, 89D, EV 106.9 MPH)
Brad Johnson to third
Batting: RHB Ed Draper 0-0: Called Strike
0-1: Ball
1-1: Foul Ball, location: 9LMF
1-2: Ball
2-2: DOUBLE (Groundball, 5L, EV 104.4 MPH)
Brad Johnson scores
Julius Green scores
Batting: RHB Doug Brown 0-0: Called Strike
0-1: Ground out 4-3 (Groundball, 4S, EV 84.4 MPH)
Ed Draper to third
Batting: RHB Luis Antonio Baca 0-0: Called Strike
0-1: Called Strike
0-2: Foul Ball, location: 5F
0-2: Foul Ball, location: 2F
0-2: Strikes out swinging
Top of the 1st over - 7 runs, 6 hits, 0 errors, 1 left on base; Bowie 7 - Somerset 0
BOTTOM OF THE 1ST
Somerset Patriots batting - Pitching for Bowie Baysox : RHP Kevin Beach
Pitching: RHP Kevin Beach
Batting: RHB Luis Valéncia 0-0: Ball
1-0: DOUBLE (Line Drive, 8LXD, EV 107.5 MPH)
Batting: RHB Al Mitchell 0-0: Ball
1-0: Called Strike
1-1: Called Strike
1-2: Ball
2-2: Foul Ball, location: 25F
2-2: Ball
3-2: Base on Balls
Batting: LHB Pat Thomas 0-0: Ball
1-0: Grounds into double play, 5-4-3 (Groundball, 56, EV 90.0 MPH)
Luis Valéncia to third
Batting: LHB Ron Connor 0-0: Ball
1-0: Fly out, F8 (Flyball, 8LD, EV 98.8 MPH)
Bottom of the 1st over - 0 runs, 1 hit, 0 errors, 1 left on base; Bowie 7 - Somerset 0
TOP OF THE 2ND
Bowie Baysox batting - Pitching for Somerset Patriots : RHP Pancho Díaz
Batting: LHB Ethan Wigton 0-0: Ball
1-0: SINGLE (Groundball, 6MD, EV 83.1 MPH) (infield hit)
Batting: RHB Terrence Steele 0-0: Called Strike
0-1: Grounds into double play, 6-4-3 (Groundball, 6, EV 95.0 MPH)
Batting: RHB Raúl Quintero 0-0: Ball
1-0: Called Strike
1-1: Fly out, F4 (Popup, 34S, EV 88.8 MPH)
Top of the 2nd over - 0 runs, 1 hit, 0 errors, 0 left on base; Bowie 7 - Somerset 0
BOTTOM OF THE 2ND
Somerset Patriots batting - Pitching for Bowie Baysox : RHP Kevin Beach
Batting: LHB Josh Miller 0-0: Ball
1-0: Ball
2-0: Ball
3-0: Base on Balls
Batting: RHB Jim Gardner 0-0: Ball
1-0: Foul Ball, location: 2F
1-1: Foul Ball, location: 9LSF
1-2: Ball
2-2: Foul Ball, location: 9LSF
2-2: Strikes out looking
Batting: LHB Dave Hamilton 0-0: Ball
1-0: Fly out, F8 (Flyball, 8RD, EV 105.6 MPH)
Batting: RHB Jim Unknown 0-0: Ball
1-0: Ball
2-0: Ball
3-0: Called Strike
3-1: Foul Ball, location: 9LSFF
3-2: Fly out, F6 (Popup, 6MS, EV 68.8 MPH)
Bottom of the 2nd over - 0 runs, 0 hits, 0 errors, 1 left on base; Bowie 7 - Somerset 0
TOP OF THE 3RD
Bowie Baysox batting - Pitching for Somerset Patriots : RHP Pancho Díaz
Batting: RHB Arturo Reynoso 0-0: Ball
1-0: Fly out, F8 (Flyball, 8LM, EV 83.8 MPH)
Batting: RHB Brad Johnson 0-0: Called Strike
0-1: Foul Ball, location: 2F
0-2: Fly out, F7 (Flyball, 7, EV 88.8 MPH)
Batting: RHB Julius Green 0-0: Called Strike
0-1: Ball
1-1: Ball
2-1: Swinging Strike
2-2: Ball
3-2: Fly out, F8 (Flyball, 8RD, EV 107.5 MPH)
Top of the 3rd over - 0 runs, 0 hits, 0 errors, 0 left on base; Bowie 7 - Somerset 0
BOTTOM OF THE 3RD
Somerset Patriots batting - Pitching for Bowie Baysox : RHP Kevin Beach
Batting: RHB Jim Unknown 0-0: Foul Ball, location: 3SF
0-1: Fly out, F3 (Popup, 3SF, EV 81.3 MPH)
Batting: RHB Luis Valéncia 0-0: Ball
1-0: Ball
2-0: Called Strike
2-1: Ball
3-1: Base on Balls
Batting: RHB Al Mitchell 0-0: Ball
1-0: Swinging Strike
1-1: Called Strike
1-2: Ball
2-2: Foul Ball, location: 9LMF
2-2: Foul Ball, location: 2F
2-2: Ball
3-2: Foul Ball, location: 2F
3-2: Base on Balls
Luis Valéncia to second
Batting: LHB Pat Thomas 0-0: 3-RUN HOME RUN (Line Drive, 9D, EV 93.1 MPH), Distance : 344 ft
Batting: LHB Ron Connor 0-0: Ball
1-0: Foul Ball, location: 2F
1-1: Ball
2-1: Ball
3-1: Ground out 6-3 (Groundball, 6S, EV 86.9 MPH)
Batting: LHB Josh Miller 0-0: Ball
1-0: Ball
2-0: Ball
3-0: Called Strike
3-1: Foul Ball, location: 5SF
3-2: Foul Ball, location: 7LDF
3-2: Base on Balls
Batting: RHB Jim Gardner 0-0: Ball
1-0: Ball
2-0: Called Strike
2-1: Foul Ball, location: 9LMF
2-2: Ball
3-2: Fly out, F9 (Flyball, 9LS, EV 97.5 MPH)
Bottom of the 3rd over - 3 runs, 1 hit, 0 errors, 1 left on base; Bowie 7 - Somerset 3
TOP OF THE 4TH
Bowie Baysox batting - Pitching for Somerset Patriots : RHP Pancho Díaz
Batting: RHB Ed Draper 0-0: Swinging Strike
0-1: Swinging Strike
0-2: Foul Ball, location: 5F
0-2: Ball
1-2: Foul Ball, location: 5F
1-2: Strikes out swinging
Batting: RHB Doug Brown 0-0: Ball
1-0: Called Strike
1-1: Ball
2-1: Fly out, F8 (Flyball, 8LS, EV 89.4 MPH)
Batting: RHB Luis Antonio Baca 0-0: Fly out, F8 (Flyball, 8LM, EV 93.1 MPH)
Top of the 4th over - 0 runs, 0 hits, 0 errors, 0 left on base; Bowie 7 - Somerset 3
BOTTOM OF THE 4TH
Somerset Patriots batting - Pitching for Bowie Baysox : RHP Kevin Beach
Batting: LHB Dave Hamilton 0-0: Called Strike
0-1: Ball
1-1: Ball
2-1: Fly out, F8 (Flyball, 8RD, EV 99.4 MPH)
Batting: RHB Jim Unknown 0-0: Called Strike
0-1: Called Strike
0-2: Ball
1-2: Foul Ball, location: 2F
1-2: Ball
2-2: Strikes out swinging
Batting: RHB Jim Unknown 0-0: Ball
1-0: Swinging Strike
1-1: Ball
2-1: Ball
3-1: Base on Balls
Batting: RHB Luis Valéncia 0-0: Foul Ball, location: 9LMF
0-1: Ball
1-1: Ball
2-1: Ball
3-1: Base on Balls
Jim Unknown to second
Batting: RHB Al Mitchell 0-0: Ball
1-0: Fly out, F7 (Line Drive, 7S, EV 98.8 MPH)
Bottom of the 4th over - 0 runs, 0 hits, 0 errors, 2 left on base; Bowie 7 - Somerset 3
TOP OF THE 5TH
Bowie Baysox batting - Pitching for Somerset Patriots : RHP Pancho Díaz
Batting: LHB Ethan Wigton 0-0: Called Strike
0-1: Ball
1-1: Ball
2-1: Called Strike
2-2: Ball
3-2: Foul Ball, location: 2F
3-2: Ground out 6-3 (Groundball, 6, EV 84.4 MPH)
Batting: RHB Terrence Steele 0-0: Ball
1-0: Called Strike
1-1: Foul Ball, location: 9LMF
1-2: DOUBLE (Groundball, 5L, EV 109.4 MPH)
Pitching: RHP Juan Ferreira
Batting: RHB Raúl Quintero 0-0: Swinging Strike
0-1: Ball
1-1: Swinging Strike
1-2: Ball
2-2: Ball
3-2: Strikes out swinging
Batting: RHB Arturo Reynoso 0-0: Called Strike
0-1: Foul Ball, location: 9LSF
0-2: Ball
1-2: Ball
2-2: Foul Ball, location: 9LSF
2-2: SINGLE (Groundball, 4MD, EV 99.4 MPH)
Terrence Steele to third
Runner from 3rd tries for Home, SAFE, throw by CF to home
Batting: RHB Brad Johnson 0-0: Called Strike
0-1: Ball
1-1: Foul Ball, location: 7LMFF
1-2: Ball
2-2: TRIPLE (Line Drive, 78XD, EV 103.1 MPH)
Arturo Reynoso scores
Batting: RHB Julius Green 0-0: Foul Ball, location: 9LSF
0-1: Ball
1-1: Foul Ball, location: 5DF
1-2: Strikes out swinging
Top of the 5th over - 2 runs, 3 hits, 0 errors, 1 left on base; Bowie 9 - Somerset 3
BOTTOM OF THE 5TH
Somerset Patriots batting - Pitching for Bowie Baysox : RHP Kevin Beach
Batting: LHB Pat Thomas 0-0: Called Strike
0-1: Ball
1-1: Ball
2-1: Called Strike
2-2: Ball
3-2: Foul Ball, location: 9LMF
3-2: Base on Balls
Batting: LHB Ron Connor 0-0: Ball
Pat Thomas is caught stealing 2nd base 2-6
1-0: Called Strike
1-1: Ball
2-1: Ball
3-1: SINGLE (Line Drive, 6MD, EV 107.5 MPH)
Batting: LHB Josh Miller 0-0: Called Strike
0-1: Ball
1-1: Ball
2-1: Foul Ball, location: 2F
2-2: Strikes out swinging
Pitching: RHP Joel Reynolds
Batting: RHB Jim Gardner 0-0: Fly out, F9 (Flyball, 89M, EV 75.0 MPH)
Bottom of the 5th over - 0 runs, 1 hit, 0 errors, 1 left on base; Bowie 9 - Somerset 3
TOP OF THE 6TH
Bowie Baysox batting - Pitching for Somerset Patriots : RHP Juan Ferreira
Batting: RHB Ed Draper 0-0: Ball
1-0: Called Strike
1-1: Called Strike
1-2: Ball
2-2: Strikes out looking
Batting: RHB Doug Brown 0-0: Ball
1-0: Ball
2-0: Ball
3-0: Called Strike
3-1: SINGLE (Line Drive, 4D, EV 103.8 MPH)
Batting: RHB Luis Antonio Baca 0-0: Ball
1-0: Foul Ball, location: 2F
1-1: Called Strike
Doug Brown steals 2nd base
1-2: Foul Ball, location: 2F
1-2: Ball
2-2: SINGLE (Line Drive, 56, EV 95.0 MPH)
Doug Brown to third
Batting: LHB Ethan Wigton 0-0: Called Strike
0-1: Fielders Choice at 2nd, 4-6 (Groundball, 4, EV 85.6 MPH)
Doug Brown scores
Batting: RHB Terrence Steele 0-0: Foul Ball, location: 25F
0-1: Ball
1-1: Called Strike
1-2: Ball
2-2: Ground out 1-3 (Groundball, 15S, EV 68.8 MPH)
Top of the 6th over - 1 run, 2 hits, 0 errors, 1 left on base; Bowie 10 - Somerset 3
BOTTOM OF THE 6TH
Somerset Patriots batting - Pitching for Bowie Baysox : RHP Joel Reynolds
Batting: LHB Dave Hamilton 0-0: Ground out U3 (Groundball, 3S, EV 83.1 MPH)
Batting: RHB Jim Unknown 0-0: Fly out, F8 (Flyball, 8LS, EV 86.3 MPH)
Batting: RHB Jim Unknown 0-0: Ball
1-0: Ball
2-0: Called Strike
2-1: Ball
3-1: Called Strike
3-2: Strikes out looking
Bottom of the 6th over - 0 runs, 0 hits, 0 errors, 0 left on base; Bowie 10 - Somerset 3
TOP OF THE 7TH
Bowie Baysox batting - Pitching for Somerset Patriots : RHP Juan Ferreira
Pinch Hitting: RHB Kevin Shepherd 0-0: Foul Ball, location: 9LMF
0-1: Ball
1-1: Ball
2-1: Ball
3-1: Ground out 6-3 (Groundball, 6, EV 96.3 MPH)
Batting: RHB Arturo Reynoso 0-0: Fly out, F8 (Line Drive, 8RS, EV 91.9 MPH)
Pinch Hitting: RHB Kip Nall 0-0: Ball
1-0: Foul Ball, location: 7LMF
1-1: Foul Ball, location: 9LDF
1-2: Strikes out looking
Top of the 7th over - 0 runs, 0 hits, 0 errors, 0 left on base; Bowie 10 - Somerset 3
BOTTOM OF THE 7TH
Somerset Patriots batting - Pitching for Bowie Baysox : RHP Joel Reynolds
Now at 3B: Kevin Shepherd
Now in RF: Joe Hardt
Pinch Hitting: RHB Jim Unknown 0-0: Foul Ball, location: 9LDF
0-1: Ground out 5-3 (Groundball, 56, EV 110.6 MPH)
Pinch Hitting: RHB Jim Unknown 0-0: Ball
1-0: Ball
2-0: DOUBLE (Flyball, 8RXD, EV 103.8 MPH)
Pinch Hitting: RHB Jim Unknown 0-0: Foul Ball, location: 2F
0-1: Ball
1-1: Ball
2-1: SINGLE (Line Drive, 8RS, EV 110.6 MPH)
Jim Unknown to third
Batting: LHB Ron Connor 0-0: Called Strike
0-1: Foul Ball, location: 5F
0-2: Ball
1-2: Strikes out looking
Pinch Hitting: SHB Jim Unknown 0-0: Foul Ball, location: 7LSF
0-1: Ball
1-1: Ball
2-1: Called Strike
2-2: Foul Ball, location: 2F
2-2: Ball
3-2: Strikes out swinging
Bottom of the 7th over - 0 runs, 2 hits, 0 errors, 2 left on base; Bowie 10 - Somerset 3
TOP OF THE 8TH
Bowie Baysox batting - Pitching for Somerset Patriots : RHP Juan Ferreira
Now at 1B: Jim Unknown
Now at 2B: Jim Unknown
Now at 3B: Dave Hamilton
Now at SS: Jim Gardner
Now in LF: Jim Unknown
Now in RF: Jim Unknown
Batting: RHB Julius Green 0-0: Ball
1-0: Swinging Strike
1-1: Ball
2-1: Foul Ball, location: 2F
2-2: Fly out, F4 (Popup, 34, EV 50.6 MPH)
Pitching: RHP Jim Unknown
Batting: RHB Ed Draper 0-0: SINGLE (Line Drive, 8LS, EV 106.3 MPH)
Batting: RHB Doug Brown 0-0: Ball
1-0: Foul Ball, location: 25F
1-1: SINGLE (Flyball, 56D, EV 89.4 MPH)
Ed Draper to second
Batting: RHB Luis Antonio Baca 0-0: Ball
1-0: Foul Ball, location: 9LMF
1-1: Foul Ball, location: 2F
1-2: Ball
2-2: Foul Ball, location: 2F
2-2: Foul Ball, location: 5FF
2-2: Ball
3-2: Base on Balls
Ed Draper to third
Doug Brown to second
Batting: LHB Ethan Wigton 0-0: Called Strike
0-1: Ball
1-1: SINGLE (Groundball, 56D, EV 104.4 MPH) (infield hit)
Ed Draper scores
Doug Brown to third
Luis Antonio Baca to second
Batting: RHB Terrence Steele 0-0: Fly out, F8 (Flyball, 8LD, EV 83.1 MPH)
Runner from 3rd tags up, SCORES, throw by CF
Batting: RHB Kevin Shepherd 0-0: Ball
1-0: SINGLE (Line Drive, 78M, EV 101.9 MPH)
Luis Antonio Baca to third
Ethan Wigton to second
Batting: RHB Arturo Reynoso 0-0: Swinging Strike
0-1: Fly out, F5 (Line Drive, 5, EV 66.9 MPH)
Top of the 8th over - 2 runs, 4 hits, 0 errors, 3 left on base; Bowie 12 - Somerset 3
BOTTOM OF THE 8TH
Somerset Patriots batting - Pitching for Bowie Baysox : RHP Joel Reynolds
Batting: RHB Jim Gardner 0-0: Called Strike
0-1: Ball
1-1: Swinging Strike
1-2: Strikes out swinging
Batting: LHB Dave Hamilton 0-0: Foul Ball, location: 2F
0-1: Ball
1-1: Swinging Strike
1-2: Strikes out swinging
Batting: RHB Jim Unknown 0-0: Called Strike
0-1: Ball
1-1: Ball
2-1: Swinging Strike
2-2: Ball
3-2: Base on Balls
Batting: RHB Tom Waltenbery 0-0: Called Strike
0-1: Foul Ball, location: 2F
0-2: Ball
1-2: Foul Ball, location: 5F
1-2: Foul Ball, location: 9LSF
1-2: Strikes out swinging
Bottom of the 8th over - 0 runs, 0 hits, 0 errors, 1 left on base; Bowie 12 - Somerset 3
TOP OF THE 9TH
Bowie Baysox batting - Pitching for Somerset Patriots : RHP Jim Unknown
Batting: SHB Joe Hardt 0-0: Ball
1-0: Ball
2-0: Ground out 5-3 (Groundball, 56, EV 81.9 MPH)
Batting: RHB Julius Green 0-0: Ball
1-0: Ball
2-0: Ball
3-0: Base on Balls
Pinch Hitting: LHB Robby Bennett 0-0: Called Strike
0-1: Foul Ball, location: 5SF
0-2: Foul Ball, location: 9LSF
0-2: Ball
1-2: Ball
2-2: Ball
3-2: DOUBLE (Flyball, 78XD, EV 101.9 MPH)
Julius Green to third
Julius Green scores
Batting: RHB Doug Brown 0-0: Fly out, F2 (Popup, 3SF, EV 75.6 MPH)
Batting: RHB Luis Antonio Baca 0-0: Ball
1-0: Called Strike
1-1: Ball
2-1: Ball
3-1: Called Strike
3-2: Base on Balls
Batting: LHB Ethan Wigton 0-0: Ball
1-0: Foul Ball, location: 2F
1-1: Ball
2-1: Ball
3-1: Base on Balls
Robby Bennett to third
Luis Antonio Baca to second
Batting: RHB Terrence Steele 0-0: Ball
1-0: Fielders Choice at 3rd, U5 (Groundball, 5, EV 83.1 MPH)
Top of the 9th over - 1 run, 1 hit, 0 errors, 2 left on base; Bowie 13 - Somerset 3
BOTTOM OF THE 9TH
Somerset Patriots batting - Pitching for Bowie Baysox : RHP Joel Reynolds
Now at C: Al Burns
Batting: RHB Jim Unknown 0-0: Called Strike
0-1: Foul Ball, location: 2F
0-2: Ball
1-2: Ground out 6-3 (Groundball, 6M, EV 83.8 MPH)
Batting: RHB Jim Unknown 0-0: Called Strike
0-1: Ball
1-1: Ball
2-1: Ball
3-1: Foul Ball, location: 23F
3-2: SOLO HOME RUN (Flyball, 7D, EV 98.8 MPH), Distance : 386 ft
Pinch Hitting: RHB Jim Unknown 0-0: Ball
1-0: Ball
2-0: Ball
3-0: Base on Balls
Pitching: LHP Mike Williams
Batting: LHB Ron Connor 0-0: Called Strike
0-1: Swinging Strike
0-2: Ball
1-2: Foul Ball, location: 3DF
1-2: SINGLE (Line Drive, 78S, EV 98.8 MPH)
Jim Unknown to second
Pinch Hitting: RHB Jorge Gabriel 0-0: Called Strike
0-1: Swinging Strike
0-2: Ball
1-2: Foul Ball, location: 9LSF
1-2: Ball
2-2: Strikes out swinging
Batting: RHB Jim Gardner 0-0: Called Strike
0-1: Ball
1-1: Ball
2-1: Ball
3-1: Called Strike
3-2: Ground out U3 (Groundball, 13, EV 88.1 MPH)
Bottom of the 9th over - 1 run, 2 hits, 0 errors, 2 left on base; Bowie 13 - Somerset 4
Friday, May 3rd , 2024 - OOTP Baseball 24.10 Build 82